 Dungeon Crawl Stone Soup version 0.23.2-1-ga50397a (webtiles) character file.

Game seed: 9178455923361467345

228 MalarOregon the Poker (level 6, -1/50 HPs)
             Began as a Merfolk Gladiator on May 15, 2019.
             Slain by a centaur (6 damage)
             ... on level 4 of the Dungeon.
             The game lasted 00:04:04 (3238 turns).

MalarOregon the Poker (Merfolk Gladiator)           Turns: 3238, Time: 00:04:04

Health: -1/50      AC:  4    Str: 16    XL:     6   Next: 2%
Magic:  6/6        EV: 14    Int:  8    God:
Gold:   167        SH:  0    Dex: 15    Spells: 5/5 levels left

rFire    . . .     SeeInvis .   a - +0 trident
rCold    . . .     Gourm    .   (no shield)
rNeg     . . .     Faith    .   b - +0 leather armour
rPois    .         Spirit   .   c - +0 helmet
rElec    .         Reflect  .   (no cloak)
rCorr    .         Harm     .   (no gloves)
MR       .....                  (no boots)
Stlth    +.........             (no amulet)
HPRegen  0.16/turn              (no ring)
MPRegen  0.10/turn              (no ring)

@: no status effects
A: change form in water, swift swim, stealthy swim
a: no special abilities


You were on level 4 of the Dungeon.
You were not hungry.

You visited 1 branch of the dungeon, and saw 4 of its levels.

You collected 167 gold pieces.

Inventory:

Hand Weapons
 a - a +0 trident (weapon)
Missiles
 d - 3 throwing nets (quivered) {!f}
Armour
 b - a +0 leather armour (worn)
 c - a +0 helmet (worn)
Jewellery
 m - an uncursed amulet of the gourmand {unknown}
   (You found it on level 2 of the Dungeon)
Scrolls
 h - 2 scrolls of fog {unknown}
 i - 3 scrolls of teleportation {unknown}
 j - a scroll of magic mapping {unknown}
 k - 2 scrolls of remove curse {unknown}
 l - a scroll of immolation {unknown}
 q - a scroll of identify {unknown}
Potions
 f - a potion of degeneration {unknown}
 g - 2 potions of curing {unknown}
 n - 2 potions of lignification {unknown}
 o - a potion of resistance {unknown}
Comestibles
 e - 9 rations {!d}
 p - 3 chunks of flesh


   Skills:
 + Level 4.9 Fighting
 + Level 7.3 Polearms
 - Level 2.0 Throwing
 - Level 4.0 Dodging


You had 5 spell levels left.
You didn't know any spells.
Your spell library was empty.

Dungeon Overview and Level Annotations

Branches:
Dungeon (4/15)
 Temple: D:4-7

Altars:
Qazlal
Uskayaw
Xom


Message History

Aim: a giant cockroach (clinging)
You reach to attack!
You hit the giant cockroach but do no damage.
You hit the giant cockroach.
You kill the giant cockroach!
No target in view!
No target in view!
No target in view!
No target in view!
No target in view!
No target in view!
No target in view!
No target in view!
No target in view!
No target in view!
No target in view!
No target in view!
No target in view!
No target in view!
Found a stone staircase leading down.
Eating one of 6 chunks of flesh.
You eat one of the 6 chunks of flesh.
Found a scroll labeled ZOTIUNL YMOU.
h - 2 scrolls labeled ZOTIUNL YMOU (gained 1)
Found 28 bolts.
Some of the chunks of flesh in your inventory have rotted away.
Found an escape hatch in the floor.
There is an escape hatch in the floor here.
Found an inky potion.
A centaur comes into view.
The centaur shouts!
The centaur wields a +0 shortbow.
The centaur shoots an arrow.
The arrow barely misses you.
Found a hide-covered altar of Uskayaw.
You see here an arrow.
A centaur is nearby!
A centaur is nearby!
The centaur shoots an arrow.
The arrow hits you!
Found a dagger and a ration.
The centaur shoots an arrow.
The arrow hits you!
You see here an arrow.
Attack whom?
Aim: a centaur, wielding a +0 shortbow You reach to attack!
You hit the centaur.
The centaur shoots an arrow.
The arrow hits you!
* * * LOW HITPOINT WARNING * * *
The centaur shoots an arrow.
The arrow hits you!
* * * LOW HITPOINT WARNING * * *
An orc comes into view. It is wielding a +0 short sword.
The centaur unwields a +0 shortbow.
The centaur hits you.
You die...

....... ......#
....... ......#
.......#.%....#
.......#_)....#
.....#.!....# ..
.o........# ......
#c.......## .......
#@8.8.8..#
........###(.......#
..............#.....#
...............(.####
...............###
...............#
...............#
..#.........####
............#


You could see a centaur and an orc.

Vanquished Creatures
  An orc priest (D:3)
  Terence (D:3)
  Natasha (thrice) (D:2)
  3 adders
  3 worms
  2 dart slugs (D:1)
  2 leopard geckos (D:2)
  4 orcs (D:3)
  4 giant cockroaches
  5 goblins
  5 hobgoblins
  8 jackals
  A quokka (D:2)
  2 ball pythons
  2 bats
  2 frilled lizards
  5 kobolds
  7 rats
60 creatures vanquished.

Notes
Turn   | Place    | Note
-------+----------+-------------------------------------------
     0 | D:1      | MalarOregon the Merfolk Gladiator began the quest for the
                  | Orb.
     0 | D:1      | Reached XP level 1. HP: 16/16 MP: 1/1
    75 | D:1      | Reached XP level 2. HP: 16/23 MP: 2/2
   281 | D:1      | Reached skill level 5 in Polearms
   546 | D:1      | Reached XP level 3. HP: 29/29 MP: 3/3
  1436 | D:2      | Reached XP level 4. HP: 33/36 MP: 4/4
  1511 | D:2      | Noticed Natasha
  1530 | D:2      | Killed Natasha
  1530 | D:2      | Reached skill level 6 in Polearms
  1535 | D:2      | Noticed Natasha
  2047 | D:2      | Killed Natasha
  2047 | D:2      | Reached XP level 5. HP: 30/42 MP: 5/5
  2064 | D:2      | Noticed Natasha
  2071 | D:2      | Killed Natasha
  2381 | D:3      | Found a shimmering altar of Xom.
  2549 | D:3      | Reached skill level 7 in Polearms
  2654 | D:3      | Noticed Terence
  2666 | D:3      | Killed Terence
  2988 | D:3      | Reached XP level 6. HP: 35/50 MP: 6/6
  3164 | D:4      | Found a stormy altar of Qazlal.
  3234 | D:4      | Found a hide-covered altar of Uskayaw.
  3238 | D:4      | Slain by a centaur

Skill      XL: |  1  2  3  4  5 |
---------------+----------------+-----
Polearms       | 5 6 7 |  7.3
Fighting       | 3 4 |  4.9
Throwing       | |  2.0
Dodging        | |  4.0

Action                   |  1- 3 |  4- 6 || total
-------------------------+-------+-------++-------
Melee: Trident           |   132 |   131 ||   263
 Stab: Sleeping          |     1 |       ||     1
  Eat: Chunk             |     1 |     7 ||     8
Armor: Leather armour    |    13 |    18 ||    31
Dodge: Dodged            |    79 |    95 ||   174
